 Dungeon Crawl Stone Soup version 0.21.1-1-g345015f (webtiles) character file.

74 keltmir the Caller (level 4, -4/25 HPs)
             Began as a Deep Elf Summoner on Apr 2, 2018.
             Killed from afar by an orc wizard (7 damage)
             ... with a magic dart
             ... on level 3 of the Dungeon.
             The game lasted 00:12:15 (2510 turns).

keltmir the Caller (Deep Elf Summoner)              Turns: 2510, Time: 00:12:15

Health: -4/25      AC:  7    Str:  5    XL:     4   Next: 10%
Magic:  1/11       EV:  9    Int: 21    God:
Gold:   104        SH:  0    Dex: 15    Spells: 4/10 levels left

rFire    . . .     SeeInvis .   f - +0 glaive
rCold    . . .     Gourm    .   (shield currently unavailable)
rNeg     . . .     Faith    .   p - +1 ring mail
rPois    .         Spirit   .   (no helmet)
rElec    .         Reflect  .   (no cloak)
rCorr    .         Harm     .   (no gloves)
MR       +....                  j - +0 pair of boots
Stlth    +.........             (no amulet)
HPRegen  0.08/turn              i - ring of protection from magic
MPRegen  0.12/turn              (no ring)

@: very slightly contaminated
A: no striking features
a: no special abilities


You were on level 3 of the Dungeon.
You were hungry.

You visited 1 branch of the dungeon, and saw 3 of its levels.

You collected 104 gold pieces.

Inventory:

Hand Weapons
 f - a +0 glaive (weapon)
 k - a +1 hunting sling
Missiles
 l - 39 stones (quivered)
Armour
 a - a +0 robe
 j - a +0 pair of boots (worn)
 p - a +1 ring mail (worn)
Jewellery
 i - a ring of protection from magic (left hand)
Wands
 q - a wand of polymorph (13)
Scrolls
 d - a scroll of teleportation
 e - a scroll of enchant armour
 h - 2 scrolls of remove curse
 r - a scroll of blinking
Potions
 g - a potion of brilliance {unknown}
 m - a potion of curing {unknown}
 n - a potion of cancellation {unknown}
 o - a potion of mutation {unknown}
Books
 b - a book of Callings

   Spells                             Type                      Level
   a - Summon Small Mammal            Summoning                    1
   b - Call Imp                       Summoning                    2
   c - Call Canine Familiar           Summoning                    3
   d - Summon Guardian Golem          Hexes/Summoning              3
   e - Summon Lightning Spire         Summoning/Air                4
   f - Summon Ice Beast               Ice/Summoning                4
Comestibles
 c - 5 rations
 s - a chunk of flesh


   Skills:
 + Level 1.2 Fighting
 - Level 2.4 Dodging
 - Level 2.4 Stealth
 + Level 3.9 Spellcasting
 * Level 5.4 Summonings


You had 4 spell levels left.
You knew the following spells:

 Your Spells              Type           Power        Failure   Level  Hunger
a - Summon Small Mammal   Summ           ####         6%          1    None
b - Call Imp              Summ           ####....     10%         2    #......
c - Call Canine Familiar  Summ           ####....     19%         3    ###....


Dungeon Overview and Level Annotations

Branches:
Dungeon (3/15)

Altars:
Elyvilon


Message History

Your quokka barely misses the orc wizard.
The orc wizard points at you and mumbles some strange words.
The magic dart hits your quokka.
Your quokka dies!
Your quokka's corpse disappears in a puff of smoke!
The orc priest looks braver for a moment.
The orc wizard mumbles some strange words.
The orc wizard blinks!
The orc wizard gestures at you while chanting.
The magic dart hits you!
* * * LOW HITPOINT WARNING * * *
The orc wizard casts a spell at you. The magic dart hits you!
* * * LOW HITPOINT WARNING * * *
The orc priest miscasts a cantrip.
Your crimson imp hits the orc priest but does no damage.
Something hits your crimson imp.
The orc wizard gestures at you while chanting.
The magic dart hits you!
You die...

##### ##...#
##### ###....#
#.<.#
.#######..o...#
###...#
.......@.##...#
......#
#..########.###
###...# .o #o#
##..^.##. #o
#.#
#55......##.
##o#
#.####.####.
####..#
#.####.# #.
#...5##
..ยง..#.#
#.####o#####
..##...#
#.o........#


You could see an orc wizard.

Vanquished Creatures
  An adder (D:2)
  3 bats
  A goblin (D:2)
  A quokka (D:2)
  A frilled lizard (D:2)
  3 rats
10 creatures vanquished.

Vanquished Creatures (collateral kills)
  3 adders (D:2)
  2 oozes (D:1)
  4 worms
  3 leopard geckos
  An orc (D:3)
  5 bats
  2 giant cockroaches (D:3)
  5 goblins
  2 hobgoblins (D:1)
  3 frilled lizards
  A jackal skeleton (D:3)
  5 kobolds
  5 rats
41 creatures vanquished.

Grand Total: 51 creatures vanquished

Notes
Turn   | Place    | Note
-------+----------+-------------------------------------------
     0 | D:1      | keltmir the Deep Elf Summoner began the quest for the Orb.
     0 | D:1      | Reached XP level 1. HP: 10/10 MP: 6/6
   291 | D:1      | Reached XP level 2. HP: 16/16 MP: 6/8
   301 | D:1      | Learned a level 2 spell: Call Imp
  1048 | D:2      | Reached skill level 5 in Summonings
  1058 | D:2      | Reached XP level 3. HP: 20/20 MP: 3/10
  1261 | D:2      | Learned a level 3 spell: Call Canine Familiar
  1317 | D:2      | Reached skill level 1 in Fighting
  1624 | D:2      | Found a white marble altar of Elyvilon.
  2409 | D:3      | Reached XP level 4. HP: 25/25 MP: 3/11
  2510 | D:3      | Killed from afar by an orc wizard

Skill      XL: |  1  2  3 |
---------------+----------+-----
Summonings     | 5 |  5.4
Fighting       | 1 |  1.2
Dodging        | |  2.4
Stealth        | |  2.4
Spellcasting   | |  3.9

Action                   |  1- 3 |  4- 6 || total
-------------------------+-------+-------++-------
Melee: Unarmed           |     2 |       ||     2
       Glaive            |    17 |     4 ||    21
 Fire: Hunting sling     |    22 |       ||    22
 Cast: Summon Small Mamm |    28 |     1 ||    29
       Call Imp          |    30 |     3 ||    33
       Call Canine Famil |     1 |     1 ||     2
  Use: Scroll            |     6 |       ||     6
 Stab: Distracted        |     2 |       ||     2
       Sleeping          |     1 |       ||     1
  Eat: Chunk             |     2 |       ||     2
       Ration            |     1 |       ||     1
Armor: Robe              |     3 |       ||     3
       Ring mail         |     7 |     1 ||     8
Dodge: Dodged            |    23 |       ||    23
